 Dungeon Crawl Stone Soup version 0.31-a0-963-ga325b2283a (webtiles) character file.

Game seed: 3255568297407785597

826 Shayle the Trooper (level 7, -7/65 (72) HPs)
             Began as an Ogre Hexslinger on Oct 25, 2023.
             Was an Initiate of Ashenzari.
             Mangled by a wight
             ... wielding a +3 great sword
              (15 damage)
             ... on level 4 of the Dungeon.
             The game lasted 00:10:13 (4427 turns).

Shayle the Trooper (Ogre Hexslinger)                Turns: 4427, Time: 00:10:20

HP:   -7/65 (72)    AC:  3    Str: 13    XL:     7   Next: 96%
MP:   11/13         EV: 10    Int: 16    God:    Ashenzari [......]
Gold: 168           SH:  0    Dex: 11    Spells: 12/14 levels left

rFire   . . .        a - +1 sling
rCold   . . .        (no shield)
rNeg    . . .        c - +0 robe
rPois   .            (helmet restricted)
rElec   .            (no cloak)
rCorr   .            (gloves unavailable)
SInv    .            (boots unavailable)
Will    .....        (no amulet)
Stlth   +            (no ring)
HPRegen 0.30/turn    (no ring)
MPRegen 0.13/turn

%: no passive effects
@: weak-willed, jinxed, studying Fighting, drained
A: large, unfitting armour, tough skin 1
a: Renounce Religion


You were on level 4 of the Dungeon.
You worshipped Ashenzari.
Ashenzari was noncommittal.
You visited 2 branches of the dungeon, and saw 5 of its levels.

You collected 168 gold pieces.

Inventory:

Hand Weapons
 a - a +1 sling (weapon)
 o - a +3 dagger of distortion
 q - a +2 heavy spear
Missiles
 n - 3 curare-tipped darts
Armour
 c - a +0 robe (worn)
Scrolls
 b - a scroll of poison
 d - a scroll of noise {unknown}
 f - a scroll of revelation {unknown}
 g - a scroll of fog {unknown}
 j - 2 scrolls of teleportation
 l - a scroll of immolation {unknown}
 m - a scroll of blinking {unknown}
 p - 2 scrolls of vulnerability {unknown}
Potions
 e - 2 potions of mutation
 h - 2 potions of curing
 i - 2 potions of brilliance
 k - a potion of berserk rage {unknown}


   Skills:
 + Level 5.5 Fighting
 + Level 2.9 Ranged Weapons
 + Level 3.5 Dodging
 + Level 4.1 Spellcasting
 + Level 4.1 Hexes
 + Level 3.0 Fire Magic


You had 12 spell levels left.
You knew the following spells:

 Your Spells              Type           Power      Damage    Failure   Level
a - Jinxbite              Hex            32%        N/A       4%          2

Your spell library contained the following spells:

 Spells                   Type           Power      Damage    Failure   Level
 Sigil of Binding         Hex            16%        N/A       9%          3
 Inner Flame              Hex/Fire       14%        N/A       12%         3
 Lesser Beckoning         Tloc           6%         N/A       26%         2
 Cause Fear               Hex            8%         N/A       30%         4
 Gell's Gravitas          Tloc           3%         N/A       45%         3
 Teleport Other           Tloc           3%         N/A       45%         3
 Dimensional Bullseye     Hex/Tloc       4%         N/A       56%         4


Dungeon Overview and Level Annotations

Branches:
Dungeon (4/15)             Temple (1/1) D:4

Altars:
Ashenzari
Cheibriados
Elyvilon
Fedhas
Gozag
Hepliaklqana
Kikubaaqudgha
Okawaru
Sif Muna
Uskayaw
Xom
Yredelemnul
The Shining One


Innate Abilities, Weirdness & Mutations

You are too large for most types of armour.
You have tough skin. (AC +1)


Message History

The bullfrog zombie seems less drained.
The bullfrog zombie hits you but does no damage.
The bullfrog zombie closely misses you.
Unknown command.
You shoot a sling bullet.
The sling bullet hits the bullfrog zombie.
You destroy the bullfrog zombie!
Your life force feels restored.
There is an open door here.
You start resting.
Magic restored.
You start resting.
You feel your willpower return.
You start resting.
HP restored.
As you open the door, it creaks loudly!
A wight comes into view. It is wielding a +3 great sword.
Casting: Jinxbite (safe; 4% risk of failure)
Confirm with . or Enter, or press ? or * to list all spells.
You beckon some vexing sprites to accompany your attacks.
You feel your willpower being sapped.
The wight hits you with a +3 great sword!
You feel drained.
You shoot a sling bullet.
The sling bullet hits the wight but does no damage.
A giggling sprite leaps out and bonks the wight with its +3 great sword.
The wight is moderately damaged.
The wight hits you with a +3 great sword!!
You feel drained.
You shoot a sling bullet.
The sling bullet barely misses the wight.
The wight hits you with a +3 great sword!
You feel drained.
You shoot a sling bullet.
The sling bullet barely misses the wight.
A giggling sprite leaps out and smacks the wight with its own hand.
The wight is heavily damaged.
The wight hits you with a +3 great sword!
* * * LOW HITPOINT WARNING * * *
The wight hits you with a +3 great sword!
You die...

# #.# ##...#####.##
#.### ###........#
#..$## ###......#
###..## #......####
##..# ####.#....#
##>## ###########.#
#..# #.#.#.#.##8.# ##
##.##+#+#'#'#'#'###.#
.#
#..#...@........'..#
)###
##.#+#z#'#)#'#'#####
...# ### #.#.#.#.#_#
##.# ############
##.# ##..........#
.#.# ###...........#
.#.#
#####.......>.....#
...#
#.....##..........#
#..#
##.######....[.<...#


You could see a wight (very drained).

Vanquished Creatures
  A black bear (D:4)
  A centaur (D:4)
  A gnoll sergeant (D:4)
  A scorpion (D:4)
  A wight (D:4)
  A centaur zombie (D:4)
  A human zombie (D:4)
  A bullfrog zombie (D:4)
  2 hounds (D:4)
  Jessica (D:3)
  2 iguanas
  3 orc wizards
  3 mummies (D:4)
  4 adders
  An adder zombie (D:4)
  3 worms
  3 dart slugs
  10 orcs
  7 bats
  9 endoplasms
  2 giant cockroaches
  4 hobgoblins
  2 jackals (D:4)
  6 kobolds
  A quokka (D:1)
  5 ball pythons
  2 frilled lizards
  4 goblins
  A rat (D:1)
  A spectral orc (D:3)
84 creatures vanquished.

Notes
Turn   | Place    | Note
-------+----------+-------------------------------------------
     0 | D:1      | Shayle the Ogre Hexslinger began the quest for the Orb.
     0 | D:1      | Reached XP level 1. HP: 19/19 MP: 2/2
    63 | D:1      | Found a faded altar of an unknown god.
    75 | D:1      | Reached skill level 1 in Fire Magic
    98 | D:1      | Reached XP level 2. HP: 25/27 MP: 4/4
   131 | D:1      | Learned a level 2 spell: Jinxbite
  1161 | D:2      | Reached skill level 2 in Fighting
  1189 | D:2      | Identified the +0 robe of Dishonesty {Will- Str+3 Int+3}
  1228 | D:2      | Reached XP level 3. HP: 35/35 MP: 5/5
  1945 | D:3      | Noticed Jessica
  1954 | D:3      | Killed Jessica
  1955 | D:3      | Reached XP level 4. HP: 44/44 MP: 1/7
  2182 | D:3      | Found a basalt altar of Yredelemnul.
  2261 | D:3      | Reached XP level 5. HP: 39/50 MP: 6/8
  2639 | D:3      | Found a blossoming altar of Fedhas.
  2742 | D:4      | Identified the "Hidaukk"
  2771 | D:4      | Noticed a centaur
  2784 | D:4      | Found a staircase to the Ecumenical Temple.
  2788 | Temple   | Entered the Ecumenical Temple
  2816 | Temple   | Became a worshipper of Ashenzari the Shackled
  2933 | Temple   | Reached skill level 3 in Fighting
  3028 | D:4      | Noticed a black bear
  3042 | D:4      | Killed a black bear
  3043 | D:4      | Reached XP level 6. HP: 24/61 MP: 4/10
  3328 | D:4      | Reached skill level 4 in Fighting
  3328 | D:4      | Reached XP level 7. HP: 30/70 MP: 10/12
  3571 | D:4      | Found a shimmering blue altar of Sif Muna.
  4002 | D:4      | Found an ancient bone altar of Kikubaaqudgha.
  4100 | D:4      | Reached skill level 5 in Fighting
  4427 | D:4      | Mangled by a wight

Illustrated notes

Levels and vault maps discovered:
D:1:      dpeg_arrival_orchard, layout_basic, hellmonk_ecumenical_altar_lost_god
D:2:      layout_loops_cross
D:3:      layout_basic, yredelemnul_forgotten_temple_becter,
          fedhas_altar_fruit_tree, dk_noncrumbling_3, uniq_jessica
D:4:      layout_rooms, lemuel_mausoleum_altar_kikubaaqudgha, led_sif_book,
          minmay_temple_entry_statues_fountains, minmay_manual_mail
Temple:   hellmonk_temple_rainy

Skill      XL: |  1  2  3  4  5  6  7 |
---------------+----------------------+-----
Fire Magic     | 1 2 3 |  3.0
Dodging        | 2 3 |  3.5
Fighting       | 2 3 4 5 |  5.5
Hexes          | 3 4 |  4.1
Spellcasting   | 2 3 4 |  4.1
Ranged Weapons | 2 |  2.9

Action                     |  1- 3 |  4- 6 |  7- 9 || total
---------------------------+-------+-------+-------++-------
   Fire: Sling             |   107 |   156 |   140 ||   403
   Cast: Jinxbite          |     7 |    14 |    17 ||    38
    Use: Scroll            |       |     6 |       ||     6
         Potion            |       |     2 |       ||     2
 Armour: Robe              |    26 |   118 |    86 ||   230
  Dodge: Dodged            |    26 |   105 |    63 ||   194

Table legend: (Time is in decaauts)
 A = Elapsed time spent in this place.
 B = Non-inter-level travel time spent in this place.
 C = Inter-level travel time spent in this place.
 D = Time resting spent in this place.
 E = Time spent auto-exploring this place.
 F = Levels seen in this place.
 G = Mean time per level.
                   A        B        C        D        E       F      G
               +--------+--------+--------+--------+--------+-----+--------+
         Total |   4547 |   4450 |     97 |    822 |   2709 |   5 |  909.4 |
       Dungeon |   4350 |   4253 |     97 |    765 |   2617 |   4 | 1087.5 |
        Temple |    196 |    196 |      0 |     57 |     92 |   1 |  196.0 |
               +--------+--------+--------+--------+--------+-----+--------+

Top non-repeatable levels by time:
     D:4: 1549 daAuts
     D:1: 1168 daAuts
     D:3: 1041 daAuts
     D:2: 591 daAuts
  Temple: 196 daAuts
